SAA
ASHEVILLE HIGHLANDERS @ CASPER GHOSTS
09/03/2033
 
TOP OF THE 1ST
Asheville Highlanders batting - Pitching for Casper Ghosts : LHP Otton Brouwer
Pitching: LHP Otton Brouwer
Batting: LHB Edward Woodstock 0-0: Ball
1-0: Called Strike
1-1: Ball
2-1: Called Strike
2-2: Strikes out swinging
Batting: RHB Ximena Ortíz 0-0: Ball
1-0: Called Strike
1-1: Ball
2-1: Foul Ball, location: 2F
2-2: Strikes out swinging
Batting: RHB Werner Bowman 0-0: Foul Ball, location: 2F
0-1: Ball
1-1: Fly out, F7 (Line Drive, 7)
Top of the 1st over - 0 runs, 0 hits, 0 errors, 0 left on base; Asheville 0 - Casper 0
BOTTOM OF THE 1ST
Casper Ghosts batting - Pitching for Asheville Highlanders : RHP Harry Stuterberg
Pitching: RHP Harry Stuterberg
Batting: RHB Vilhelm Loyen 0-0: SINGLE (Groundball, 6MD)
Batting: RHB Adrijan Markovski 0-0: Called Strike
0-1: Ball
1-1: Grounds into double play, 5-4-3 (Groundball, 56)
Batting: RHB Jur Prokop 0-0: Ball
1-0: Ball
2-0: Called Strike
2-1: Fly out, F8 (Flyball, 8LS)
Bottom of the 1st over - 0 runs, 1 hit, 0 errors, 0 left on base; Asheville 0 - Casper 0
TOP OF THE 2ND
Asheville Highlanders batting - Pitching for Casper Ghosts : LHP Otton Brouwer
Batting: RHB Shane Seim 0-0: Called Strike
0-1: Swinging Strike
0-2: Strikes out swinging
Batting: SHB Jeffery Simpson 0-0: Called Strike
0-1: Swinging Strike
0-2: Foul Ball, location: 2F
0-2: Strikes out swinging
Batting: LHB Félix Calixto 0-0: Ball
1-0: Ball
2-0: Ball
3-0: Called Strike
3-1: Called Strike
3-2: Foul Ball, location: 2F
3-2: DOUBLE (Groundball, 3L)
Batting: RHB José Palma 0-0: Called Strike
0-1: Fly out, F6 (Popup, P)
Top of the 2nd over - 0 runs, 1 hit, 0 errors, 1 left on base; Asheville 0 - Casper 0
BOTTOM OF THE 2ND
Casper Ghosts batting - Pitching for Asheville Highlanders : RHP Harry Stuterberg
Batting: RHB Bob Phillips 0-0: Ball
1-0: Foul Ball, location: 2F
1-1: Called Strike
1-2: Foul Ball, location: 2F
1-2: Foul Ball, location: 2F
1-2: Fly out, F5 (Line Drive, 5L)
Batting: LHB Badry Maksimenov 0-0: Ground out U3 (Groundball, 3)
Batting: LHB Ronald Anderson 0-0: Foul Ball, location: 2F
0-1: Foul Ball, location: 2F
0-2: SOLO HOME RUN (Flyball, 9LD), Distance : 347 ft
Batting: RHB Armando Pacheco 0-0: SINGLE (Groundball, 4M) (infield hit)
Batting: RHB Steve Weber 0-0: Called Strike
0-1: Called Strike
Armando Pacheco steals 2nd base
0-2: Ball
1-2: Ball
2-2: Fly out, F9 (Flyball, 9D)
Bottom of the 2nd over - 1 run, 2 hits, 0 errors, 1 left on base; Asheville 0 - Casper 1
TOP OF THE 3RD
Asheville Highlanders batting - Pitching for Casper Ghosts : LHP Otton Brouwer
Batting: SHB José Segura 0-0: Called Strike
0-1: Fly out, F9 (Flyball, 9)
Batting: SHB Jeff Lowe 0-0: Ball
1-0: Ball
2-0: Ball
3-0: Base on Balls
Batting: LHB Edward Woodstock 0-0: Ball
1-0: Called Strike
1-1: Fly out, F3 (Line Drive, 3)
Batting: RHB Ximena Ortíz 0-0: Called Strike
0-1: 2-RUN HOME RUN (Flyball, 7LD), Distance : 372 ft
Batting: RHB Werner Bowman 0-0: Ground out 6-3 (Groundball, 6S)
Top of the 3rd over - 2 runs, 1 hit, 0 errors, 0 left on base; Asheville 2 - Casper 1
BOTTOM OF THE 3RD
Casper Ghosts batting - Pitching for Asheville Highlanders : RHP Harry Stuterberg
Batting: RHB Tatsui Kiyomizu 0-0: Ground out 6-3 (Groundball, 6)
Batting: RHB Vilhelm Loyen 0-0: Ball
1-0: Ball
2-0: Swinging Strike
2-1: Ball
3-1: Foul Ball, location: 2F
3-2: Foul Ball, location: 2F
3-2: Strikes out swinging
Batting: RHB Adrijan Markovski 0-0: Swinging Strike
0-1: Fly out, F7 (Flyball, 7LS)
Bottom of the 3rd over - 0 runs, 0 hits, 0 errors, 0 left on base; Asheville 2 - Casper 1
TOP OF THE 4TH
Asheville Highlanders batting - Pitching for Casper Ghosts : LHP Otton Brouwer
Batting: RHB Shane Seim 0-0: Ball
1-0: Swinging Strike
1-1: Ball
2-1: Foul Ball, location: 2F
2-2: Ball
3-2: Strikes out swinging
Batting: SHB Jeffery Simpson 0-0: Swinging Strike
0-1: Called Strike
0-2: Ball
1-2: Strikes out swinging
Batting: LHB Félix Calixto 0-0: Foul Ball, location: 2F
0-1: Called Strike
0-2: Ball
1-2: Ball
2-2: Foul Ball, location: 2F
2-2: Ground out 4-3 (Groundball, 34)
Top of the 4th over - 0 runs, 0 hits, 0 errors, 0 left on base; Asheville 2 - Casper 1
BOTTOM OF THE 4TH
Casper Ghosts batting - Pitching for Asheville Highlanders : RHP Harry Stuterberg
Batting: RHB Jur Prokop 0-0: Called Strike
0-1: Ball
1-1: Fly out, F8 (Line Drive, 8LS)
Batting: RHB Bob Phillips 0-0: Called Strike
0-1: Ball
1-1: Swinging Strike
1-2: Strikes out swinging
Batting: LHB Badry Maksimenov 0-0: Ball
1-0: Ball
2-0: Ball
3-0: Base on Balls
Batting: LHB Ronald Anderson 0-0: Ball
1-0: Ball
2-0: Called Strike
2-1: Ball
3-1: Base on Balls
Badry Maksimenov to second
Batting: RHB Armando Pacheco 0-0: Ground out 4-3 (Groundball, 4)
Bottom of the 4th over - 0 runs, 0 hits, 0 errors, 2 left on base; Asheville 2 - Casper 1
TOP OF THE 5TH
Asheville Highlanders batting - Pitching for Casper Ghosts : LHP Otton Brouwer
Batting: RHB José Palma 0-0: Ball
1-0: Foul Ball, location: 2F
1-1: Ball
2-1: Fly out, F9 (Flyball, 9S)
Batting: SHB José Segura 0-0: Ball
1-0: Ball
2-0: Ball
3-0: Called Strike
3-1: Foul Ball, location: 2F
3-2: Base on Balls
Batting: SHB Jeff Lowe 0-0: Ball
1-0: Called Strike
1-1: Foul Ball, location: 2F
1-2: Grounds into double play, 1-4-3 (Groundball, 15S)
Top of the 5th over - 0 runs, 0 hits, 0 errors, 0 left on base; Asheville 2 - Casper 1
BOTTOM OF THE 5TH
Casper Ghosts batting - Pitching for Asheville Highlanders : RHP Harry Stuterberg
Batting: RHB Steve Weber 0-0: Bunt missed!
0-1: Ground out 5-3 (Groundball, 2L)
Batting: RHB Tatsui Kiyomizu 0-0: Foul Ball, location: 2F
0-1: Ball
1-1: Fly out, F7 (Line Drive, 7D)
Batting: RHB Vilhelm Loyen 0-0: Ball
1-0: Ball
2-0: Fly out, F9 (Flyball, 9S)
Bottom of the 5th over - 0 runs, 0 hits, 0 errors, 0 left on base; Asheville 2 - Casper 1
TOP OF THE 6TH
Asheville Highlanders batting - Pitching for Casper Ghosts : LHP Otton Brouwer
Batting: LHB Edward Woodstock 0-0: Ball
1-0: Fly out, F8 (Flyball, 8RXD)
Batting: RHB Ximena Ortíz 0-0: Called Strike
0-1: Fly out, F8 (Flyball, 8LD)
Batting: RHB Werner Bowman 0-0: Called Strike
0-1: Swinging Strike
0-2: Fly out, F9 (Flyball, 89D)
Top of the 6th over - 0 runs, 0 hits, 0 errors, 0 left on base; Asheville 2 - Casper 1
BOTTOM OF THE 6TH
Casper Ghosts batting - Pitching for Asheville Highlanders : RHP Harry Stuterberg
Batting: RHB Adrijan Markovski 0-0: Ball
1-0: Swinging Strike
1-1: Ground out U3 (Groundball, 3)
Batting: RHB Jur Prokop 0-0: DOUBLE (Line Drive, 8RXD)
Batting: RHB Bob Phillips 0-0: Fly out, F9 (Flyball, 9)
Batting: LHB Badry Maksimenov 0-0: Swinging Strike
0-1: Foul Ball, location: 2F
0-2: Ball
1-2: Ground out U3 (Groundball, 34)
Bottom of the 6th over - 0 runs, 1 hit, 0 errors, 1 left on base; Asheville 2 - Casper 1
TOP OF THE 7TH
Asheville Highlanders batting - Pitching for Casper Ghosts : LHP Otton Brouwer
Batting: RHB Shane Seim 0-0: Ball
1-0: Ball
2-0: Swinging Strike
2-1: Ground out 1-3 (Groundball, 13)
Batting: SHB Jeffery Simpson 0-0: Ball
1-0: Ball
2-0: Swinging Strike
2-1: Fly out, F3 (Line Drive, 3L)
Batting: LHB Félix Calixto 0-0: Ground out 4-3 (Groundball, 4)
Top of the 7th over - 0 runs, 0 hits, 0 errors, 0 left on base; Asheville 2 - Casper 1
BOTTOM OF THE 7TH
Casper Ghosts batting - Pitching for Asheville Highlanders : RHP Harry Stuterberg
Batting: LHB Ronald Anderson 0-0: Ball
1-0: SINGLE (Groundball, 34D)
Batting: RHB Armando Pacheco 0-0: Bunted foul
0-1: Sac Bunt - play at first, batter OUT! 1-4
Ronald Anderson to second
Batting: RHB Steve Weber 0-0: Ball
1-0: Called Strike
1-1: Ground out 6-3 (Groundball, 6)
Ronald Anderson to third
Batting: RHB Tatsui Kiyomizu 0-0: Ball
1-0: Ball
2-0: Ball
3-0: Foul Ball, location: 2F
3-1: Swinging Strike
3-2: Foul Ball, location: 2F
3-2: Foul Ball, location: 2F
3-2: Ground out 6-3 (Groundball, 6)
Bottom of the 7th over - 0 runs, 1 hit, 0 errors, 1 left on base; Asheville 2 - Casper 1
TOP OF THE 8TH
Asheville Highlanders batting - Pitching for Casper Ghosts : LHP Otton Brouwer
Batting: RHB José Palma 0-0: Ball
1-0: Foul Ball, location: 2F
1-1: Ball
2-1: Called Strike
2-2: Foul Ball, location: 2F
2-2: Ball
3-2: Foul Ball, location: 2F
3-2: Foul Ball, location: 2F
3-2: Base on Balls
Pitching: RHP Wong Fei-Hung
Pinch Runner at 1st Govaart Pleijt:
Batting: SHB José Segura 0-0: Ball
1-0: Ball
2-0: Fielders Choice at 2nd, 4-6 (Groundball, 34)
Batting: SHB Jeff Lowe 0-0: Ball
1-0: Ball
2-0: Ball
3-0: Called Strike
3-1: Ground out 3-1 (Groundball, 3D)
José Segura to second
Batting: LHB Edward Woodstock 0-0: Called Strike
0-1: Foul Ball, location: 2F
0-2: Ball
1-2: Ball
2-2: Strikes out swinging
Top of the 8th over - 0 runs, 0 hits, 0 errors, 1 left on base; Asheville 2 - Casper 1
BOTTOM OF THE 8TH
Casper Ghosts batting - Pitching for Asheville Highlanders : RHP Harry Stuterberg
Now at C: Carlos Deleón
Now at SS: Yves Girard
Batting: RHB Vilhelm Loyen 0-0: Ball
1-0: Ball
2-0: Swinging Strike
2-1: Swinging Strike
2-2: SINGLE (Line Drive, 6M)
Pinch Runner at 1st Paco Ríos:
Batting: RHB Adrijan Markovski 0-0: Ball
1-0: Sac Bunt - play at first, batter OUT! 3-4
Paco Ríos to second
Batting: RHB Jur Prokop 0-0: Foul Ball, location: 2F
0-1: Ball
1-1: Called Strike
1-2: Foul Ball, location: 2F
1-2: Strikes out swinging
Batting: RHB Bob Phillips 0-0: Called Strike
0-1: Fly out, F5 (Popup, 5SF)
Bottom of the 8th over - 0 runs, 1 hit, 0 errors, 1 left on base; Asheville 2 - Casper 1
TOP OF THE 9TH
Asheville Highlanders batting - Pitching for Casper Ghosts : RHP Wong Fei-Hung
Pitching: RHP Marc Henderson
Now at SS: Paco Ríos
Batting: RHB Ximena Ortíz 0-0: Ball
1-0: Ball
2-0: Called Strike
2-1: Fly out, F8 (Flyball, 8LD)
Batting: RHB Werner Bowman 0-0: Called Strike
0-1: Foul Ball, location: 2F
0-2: Strikes out swinging
Batting: RHB Shane Seim 0-0: Ball
1-0: DOUBLE (Line Drive, 7D)
Batting: SHB Jeffery Simpson 0-0: Ball
1-0: Swinging Strike
1-1: 2-RUN HOME RUN (Flyball, 89XD), Distance : 419 ft
Batting: LHB Félix Calixto 0-0: Ball
1-0: Foul Ball, location: 2F
1-1: Swinging Strike
1-2: Foul Ball, location: 2F
1-2: Ground out 4-3 (Groundball, 4)
Top of the 9th over - 2 runs, 2 hits, 0 errors, 0 left on base; Asheville 4 - Casper 1
BOTTOM OF THE 9TH
Casper Ghosts batting - Pitching for Asheville Highlanders : RHP Harry Stuterberg
Pitching: RHP Jason MacGruder
Batting: LHB Badry Maksimenov 0-0: Ball
1-0: Called Strike
1-1: Foul Ball, location: 2F
1-2: Ground out 6-3 (Groundball, 4)
Batting: LHB Ronald Anderson 0-0: Reached on error, E9 (Flyball, 9)
Batting: RHB Armando Pacheco 0-0: Foul Ball, location: 2F
0-1: Called Strike
0-2: Ball
1-2: Ball
2-2: SINGLE (Groundball, 56) (infield hit)
Ronald Anderson to second
Batting: RHB Steve Weber 0-0: Called Strike
0-1: Foul Ball, location: 2F
0-2: Ball
1-2: Ball
2-2: Grounds into double play, 6-4-3 (Groundball, 6)
Bottom of the 9th over - 0 runs, 1 hit, 1 error, 1 left on base; Asheville 4 - Casper 1
Saturday, December 22nd, 2018 - OOTP Baseball 18.8 Build 76